AoeStats
← Sir Pepe84

QS Arena

503165189Analyzed
4v4 RM · 1mo ago on Aug 30, 2026· 84m 27s· 8 players
Game mode
Random Map
Map size
Large (8 player)
Population
200
Speed
Normal
Resources
Standard
Victory
Conquest
Starting age
Dark Age
Ending age
Imperial Age
RankedLock teamsTeams togetherTeam positionsShared explorationLock speedFull tech treeHidden civsTurbo modeCheats
Victory
Defeat
🇨🇳 Sicilians · China
703
+12
🇨🇳 Franks · China
698
+12
🇹🇭 Italians · Thailand
695
+12
🇫🇷 Hindustanis · France
676
+13
🇹🇷 Koreans · Türkiye
658
-14
642
-14
🇦🇷 Byzantines · Argentina
591
-11
🇪🇸 Chinese · Spain
580
-11
XxAlexyzFxX42
2:29 Loom
8:35 Feudal Age
9:09 Horse Collar
9:18 Double-Bit Axe
9:07 Man-at-Arms
19:51 Castle Age
18:12 Gold Mining
18:47 Stone Mining
19:27 Forging
19:35 Town Watch
22:40 Scale Barding Armor
24:00 Town Patrol
24:35 Wheelbarrow
26:41 Iron Casting
27:02 Stone Shaft Mining
28:42 Heavy Plow
29:59 Bow Saw
29:54 Scale Mail Armor
29:45 Elite Skirmisher
31:35 Caravan
32:51 Chain Barding Armor
32:33 Padded Archer Armor
32:24 Fletching
32:54 Pikeman
33:34 Squires
35:01 Gold Shaft Mining
35:44 Chain Mail Armor
36:42 Long Swordsman
38:28 Hand Cart
Misaka Mikoto
7:32 Feudal Age
8:10 Double-Bit Axe
8:21 Horse Collar
15:23 Castle Age
14:11 Stone Mining
15:51 Gold Mining
17:22 Wheelbarrow
17:15 Bow Saw
17:28 Scale Mail Armor
17:59 Squires
18:38 Loom
20:14 Forging
22:00 Chain Mail Armor
21:35 Arson
23:32 Town Watch
23:24 Pikeman
25:24 Hand Cart
25:51 Gold Shaft Mining
32:41 Imperial Age
31:20 Iron Casting
31:54 Stone Shaft Mining
32:06 Murder Holes
33:21 Ballistics
32:57 Fletching
33:07 Padded Archer Armor
33:44 Conscription
34:12 Caravan
35:05 Plate Mail Armor
34:46 Scale Barding Armor
34:48 Town Patrol
35:42 Husbandry
35:52 Bloodlines
35:34 Cavalier
35:48 Cavalier
36:17 Elite Serjeant
38:04 Chain Barding Armor
38:12 Herbal Medicine
38:45 First Crusade
39:58 Hauberk
40:45 Plate Mail Armor
41:15 Blast Furnace
42:00 Blast Furnace
41:37 Plate Barding Armor
41:47 Masonry
50:45 Bodkin Arrow
56:20 Bracer
57:23 Chemistry
56:14 Arrowslits
58:56 Leather Archer Armor
63:26 Siege Engineers
66:01 Heavy Scorpion
Shirai Kuroko
0:48 Loom
7:10 Feudal Age
8:41 Town Watch
12:04 Horse Collar
12:14 Double-Bit Axe
12:22 Gold Mining
20:42 Castle Age
21:03 Wheelbarrow
21:48 Town Patrol
24:11 Silk Road
24:26 Fletching
24:37 Padded Archer Armor
27:16 Fortified Wall
27:02 Murder Holes
27:19 Masonry
32:35 Imperial Age
31:55 Thumb Ring
32:34 Heavy Plow
35:01 Conscription
36:29 Elite Genoese Crossbowman
40:14 Hand Cart
41:16 Hoardings
41:35 Architecture
42:30 Crop Rotation
45:14 Squires
44:59 Arson
48:02 Onager
54:51 Ballistics
54:21 Arrowslits
55:39 Chemistry
82:53 Stone Mining
83:18 Bow Saw
82:51 Treadmill Crane
83:15 Bodkin Arrow
83:32 Forging
83:23 Scale Mail Armor
83:29 Scale Barding Armor
wm_1938
2:23 Loom
7:49 Feudal Age
10:58 Double-Bit Axe
13:35 Castle Age
12:51 Stone Mining
20:46 Bow Saw
24:37 Fortified Wall
27:06 Wheelbarrow
31:50 Imperial Age
29:45 Hand Cart
29:39 Gold Mining
30:13 Scale Mail Armor
30:23 Forging
30:35 Scale Barding Armor
30:44 Forging
32:32 Husbandry
33:08 Conscription
33:25 Hoardings
32:26 Cavalier
33:38 Chain Barding Armor
33:54 Iron Casting
34:28 Ballistics
35:09 Chemistry
33:42 Paladin
35:55 Siege Engineers
37:12 Squires
36:58 Gambesons
36:38 Heavy Scorpion
38:12 Gold Shaft Mining
37:34 Heavy Scorpion
55:23 Pikeman
56:16 Elite Throwing Axeman
57:55 Murder Holes
61:10 Plate Barding Armor
61:35 Blast Furnace
60:36 Scale Mail Armor
60:37 Padded Archer Armor
60:27 Fletching
60:59 Elite Skirmisher
64:27 Chain Mail Armor
66:17 Caravan
67:39 Leather Archer Armor
67:19 Bodkin Arrow
67:55 Plate Mail Armor
77:28 Halberdier
ÐòóM
1:16 Loom
13:23 Feudal Age
13:27 Man-at-Arms
13:59 Double-Bit Axe
13:56 Horse Collar
17:43 Wheelbarrow
21:07 Forging
20:58 Scale Mail Armor
24:37 Castle Age
24:30 Stone Mining
25:07 Scale Barding Armor
24:57 Fletching
25:07 Padded Archer Armor
26:30 Bodkin Arrow
26:58 Bow Saw
26:50 Heavy Plow
27:27 Gold Mining
28:16 Stone Shaft Mining
29:25 Hand Cart
30:05 Gold Shaft Mining
30:00 Ballistics
29:51 Fortified Wall
30:35 Fervor
30:52 Leather Archer Armor
30:34 Town Watch
32:23 Murder Holes
33:10 Caravan
39:00 Imperial Age
36:31 Town Patrol
37:51 Masonry
38:27 Great Wall
40:51 Elite Chu Ko Nu
42:42 Chemistry
42:29 Chain Barding Armor
44:45 Cavalier
46:23 Pikeman
46:30 Elite Fire Lancer
48:13 Iron Casting
47:54 Chain Mail Armor
47:24 Halberdier
48:07 Squires
48:19 Long Swordsman
50:36 Blast Furnace
50:23 Architecture
50:32 Rocketry
51:17 Two-Man Saw
51:57 Plate Mail Armor
70:39 Plate Barding Armor
Abraham1610 -Abra ***********
0:56 Loom
15:19 Feudal Age
19:35 Castle Age
27:09 Gold Mining
27:10 Stone Mining
27:04 Horse Collar
27:15 Double-Bit Axe
28:49 Heavy Plow
29:06 Bow Saw
31:42 Gold Shaft Mining
31:43 Stone Shaft Mining
32:16 Wheelbarrow
31:26 Town Watch
36:22 Imperial Age
36:52 Caravan
44:44 Elite Ballista Elephant
49:47 Double Crossbow
67:21 Ballistics
67:27 Murder Holes
Merginator44
0:36 Loom
14:22 Feudal Age
18:17 Horse Collar
18:28 Double-Bit Axe
18:46 Gold Mining
18:49 Stone Mining
24:29 Castle Age
22:41 Fletching
25:36 Heavy Plow
25:49 Bow Saw
26:17 Gold Shaft Mining
26:21 Stone Shaft Mining
26:38 Arson
26:53 Squires
29:04 Murder Holes
29:20 Masonry
32:52 Imperial Age
31:40 Wheelbarrow
30:51 Town Watch
31:49 Ballistics
31:10 Treadmill Crane
32:42 Bodkin Arrow
32:58 Forging
32:49 Scale Mail Armor
34:42 Chemistry
34:14 Architecture
35:20 Bracer
35:57 Iron Casting
35:38 Chain Mail Armor
35:28 Caravan
36:21 Hand Cart
37:57 Town Patrol
39:00 Plate Mail Armor
38:53 Elite War Wagon
39:06 Elite Fire Lancer
39:34 Gambesons
40:56 Scale Barding Armor
48:36 Capped Ram
58:02 Pikeman
66:47 Halberdier
68:54 Guilds
72:54 Heavy Rocket Cart
Sir Pepe84
0:43 Loom
9:30 Feudal Age
11:09 Wheelbarrow
10:24 Horse Collar
10:50 Double-Bit Axe
12:01 Gold Mining
13:54 Stone Mining
16:26 Man-at-Arms
17:36 Man-at-Arms
21:10 Arson
24:29 Castle Age
23:44 Fletching
24:04 Forging
23:55 Scale Mail Armor
23:55 Padded Archer Armor
24:02 Scale Barding Armor
25:25 Bow Saw
25:18 Heavy Plow
25:31 Pikeman
26:11 Squires
28:18 Light Cavalry
28:58 Husbandry
30:04 Gambesons
30:29 Elite Skirmisher
32:14 Gambesons
36:23 Treadmill Crane
39:16 Imperial Age
37:05 Hand Cart
38:52 Thumb Ring
38:16 Long Swordsman
40:27 Caravan
40:39 Two-Handed Swordsman
42:39 Capped Ram
44:15 Gold Shaft Mining
43:38 Crossbowman
44:24 Guard Tower
45:11 Heavy Camel Rider
45:12 Hussar
45:14 Cavalier
46:48 Conscription
48:00 Onager
53:16 Hoardings
60:02 Siege Ram
63:59 Chemistry
63:11 Fortified Wall
62:57 Murder Holes
65:53 Bombard Tower
65:55 Bodkin Arrow
66:35 Iron Casting
66:15 Chain Mail Armor
66:25 Leather Archer Armor
66:58 Chain Barding Armor
75:41 Champion
82:14 Halberdier
Connection lost

Rejoining the realm…

Still unreachable

The connection could not be restored.

Session expired

The server has moved on; the page needs a fresh start.